 Dungeon Crawl Stone Soup version 0.21.1-1-g345015fe64 (webtiles) character file.

249 Mrkan the Cudgeler (level 6, -6/38 HPs)
             Began as a Gargoyle Fighter on May 4, 2018.
             Was a Follower of the Shining One.
             Mangled by an ogre
             ... wielding a +0 giant club
              (16 damage)
             ... on level 4 of the Dungeon.
             The game lasted 00:11:39 (2846 turns).

Mrkan the Cudgeler (Gargoyle Fighter)               Turns: 2846, Time: 00:11:40

Health: -6/38      AC: 11    Str: 26    XL:     6   Next: 12%
Magic:  6/6        EV:  7    Int:  9    God:    the Shining One [*.....]
Gold:   100        SH: 10    Dex:  9    Spells: 5/5 levels left

rFire    . . .     SeeInvis .   a - +0 flail
rCold    . . .     Gourm    .   c - +0 shield
rNeg     + . .     Faith    .   b - +0 scale mail
rPois    ∞         Spirit   .   (no helmet)
rElec    +         Reflect  .   (no cloak)
rCorr    .         Harm     .   (no gloves)
MR       .....                  (no boots)
Stlth    ..........             (no amulet)
HPRegen  0.12/turn              (no ring)
MPRegen  0.10/turn              (no ring)

@: mighty, glowing
A: negative energy resistance 1, electricity resistance, unbreathing,
petrification resistance, rot immunity, AC +4
a: Renounce Religion


You were on level 4 of the Dungeon.
You worshipped the Shining One.
The Shining One was aware of your devotion.
You were not hungry.

You visited 1 branch of the dungeon, and saw 4 of its levels.

You collected 100 gold pieces.

Inventory:

Hand Weapons
 a - a +0 flail (weapon)
 u - a +0 blowgun
 v - a +0 whip
Armour
 b - a +0 scale mail (worn)
 c - a +0 shield (worn)
Jewellery
 q - an uncursed ring of stealth {unknown}
 x - an uncursed amulet of faith {unknown}
Scrolls
 i - 4 scrolls of identify {unknown}
 j - a scroll of amnesia {unknown}
 l - 2 scrolls of teleportation {unknown}
 m - 3 scrolls of remove curse {unknown}
 n - a scroll of immolation {unknown}
 o - a scroll of fear {unknown}
 p - a scroll of blinking {unknown}
 w - a scroll of enchant armour {unknown}
Potions
 d - a potion of might
 e - 4 potions of curing {unknown}
 g - 2 potions of degeneration {unknown}
 h - a potion of heal wounds {unknown}
 k - a potion of lignification {unknown}
 r - a potion of mutation {unknown}
Books
 s - a book of Minor Magic

   Spells                             Type                      Level
   a - Magic Dart                     Conjuration                  1
   b - Blink                          Translocation                2
   c - Call Imp                       Summoning                    2
   d - Slow                           Hexes                        2
   e - Conjure Flame                  Conjuration/Fire             3
   f - Mephitic Cloud                 Conjuration/Poison/Air       3
Comestibles
 f - 3 rations


   Skills:
 + Level 4.1 Fighting
 * Level 4.6 Maces & Flails
 + Level 3.8 Armour
 + Level 0.2 Dodging
 + Level 0.2 Stealth
 + Level 4.1 Shields
 * Level 1.2 Invocations


You had 5 spell levels left.
You didn't know any spells.

Dungeon Overview and Level Annotations

Branches:
Dungeon (4/15)
 Temple: D:4-7

Altars:
The Shining One

Annotations:
D:4 Dowan


Innate Abilities, Weirdness & Mutations

You are resistant to torment.
Your stone body is resilient. (AC +4)
You are immune to poison.
You resist negative energy. (rN+)
You are resistant to electric shocks. (rElec)
You can survive without breathing.
You are immune to petrification.
You are immune to rotting.


Message History

Dowan seems to find hidden reserves of power!
Reactivating autopickup.
Your Shields skill increases to level 4!
Your Invocations skill increases to level 1!
You have reached level 6!
Your experience leads to an increase in your attributes!
Your base attributes are Str 20, Int 9, Dex 9.
Increase (S)trength, (I)ntelligence, or (D)exterity?
You feel stronger. You block Dowan's attack.
Your shield and scale mail prevent you from hitting Dowan.
Dowan closely misses you.
Dowan zaps a wand.
The puff of flame hits you!
* * * LOW HITPOINT WARNING * * *
You closely miss Dowan.
Dowan casts a spell.
Dowan blinks!
You sock the ogre!
The ogre is heavily wounded.
The ogre hits you with a giant club!
You die...

#.# #.# #.##.# #
#######.###.###.##.#
#.#...............##.#
#.#.#####.....######.#
#)#.##...........>....
#......##.#.#########.
#...#####.#.# #.
#..##......## #.
#..O@.......# #. .
#..##.#####.# #. #
#.(##.# #.# .. #
#>.##.# #.# #.### #
#..##.# #.# #.# #
#..##.# ###.# #.# #
##..##.. ...# #.# #
#...#### #..# #.# #
#...# #..#####.#


You could see an ogre.

Vanquished Creatures
  Duvessa (D:4)
  A worker ant (D:4)
  An orc wizard (D:4)
  An adder (D:2)
  A howler monkey skeleton (D:4)
  4 worms
  A leopard gecko (D:1)
  6 orcs
  6 bats
  3 giant cockroaches
  3 goblins
  9 hobgoblins
  9 jackals
  6 kobolds
  3 frilled lizards
  4 rats
59 creatures vanquished.

Notes
Turn   | Place    | Note
-------+----------+-------------------------------------------
     0 | D:1      | Mrkan the Gargoyle Fighter began the quest for the Orb.
     0 | D:1      | Reached XP level 1. HP: 14/14 MP: 1/1
   172 | D:1      | Reached XP level 2. HP: 19/19 MP: 2/2
   858 | D:1      | Reached XP level 3. HP: 22/23 MP: 3/3
  1706 | D:3      | Reached XP level 4. HP: 29/29 MP: 4/4
  1751 | D:3      | Found a faded altar of an unknown god.
  1769 | D:3      | Became a worshipper of the Shining One
  1769 | D:3      | Reached * piety under the Shining One
  2709 | D:4      | Reached XP level 5. HP: 33/33 MP: 5/5
  2825 | D:4      | Noticed Duvessa
  2825 | D:4      | Noticed Dowan
  2825 | D:4      | Noticed an ogre
  2843 | D:4      | Killed Duvessa
  2843 | D:4      | Reached skill level 1 in Invocations
  2843 | D:4      | Reached XP level 6. HP: 15/38 MP: 6/6
  2846 | D:4      | Mangled by an ogre

Skill      XL: |  1  2  3  4  5 |
---------------+----------------+-----
Maces & Flails | 3 4 |  4.6
Fighting       | 4 |  4.1
Shields        | 4 |  4.1
Invocations    | 1 |  1.2
Armour         | |  3.8
Dodging        | |  0.2
Stealth        | |  0.2

Action                   |  1- 3 |  4- 6 || total
-------------------------+-------+-------++-------
Melee: Flail             |   161 |    79 ||   240
  Use: Potion            |       |     1 ||     1
  Eat: Chunk             |     2 |       ||     2
       Ration            |     1 |     1 ||     2
Armor: Scale mail        |    86 |    28 ||   114
Dodge: Dodged            |    55 |    22 ||    77
Block: Shield            |   107 |    42 ||   149
